 Dungeon Crawl Stone Soup version 0.30-a0-743-gbfdf073431 (webtiles) character file.

Game seed: 1166324439266570750

179 kingofthe the Ducker (level 5, -5/41 HPs)
             Began as a Merfolk Fighter on Feb 5, 2023.
             Slain by an ogre
             ... wielding a +0 giant club
              (15 damage)
             ... on level 4 of the Dungeon.
             The game lasted 00:06:49 (2386 turns).

kingofthe the Ducker (Merfolk Fighter)              Turns: 2386, Time: 00:06:50

Health: -5/41      AC:  7    Str: 16    XL:     5   Next: 59%
Magic:  5/5        EV: 11    Int:  7    God:
Gold:   75         SH:  6    Dex: 22    Spells: 4/4 levels left

rFire   . . .      SeeInvis .    b - +4 whip (drain)
rCold   + . .      Faith    .    c - +0 buckler
rNeg    . . .      Spirit   .    g - +0 scale mail
rPois   .          Reflect  .    r - +0 helmet
rElec   .          Harm     .    (no cloak)
rCorr   .          Rampage  .    (no gloves)
Will    .....                    (no boots)
Stlth   ++                       (no amulet)
HPRegen 0.26/turn                l - +6 ring of dexterity
MPRegen 0.09/turn                w - ring of protection from cold

@: no status effects
A: (nimble swimmer 2), mertail
a: no special abilities


You were on level 4 of the Dungeon.
You visited 1 branch of the dungeon, and saw 4 of its levels.

You collected 111 gold pieces.
You spent 36 gold pieces at shops.

Inventory:

Hand Weapons
 a - a +0 sling
 b - a +4 whip of draining (weapon)
 n - a +0 trident
Armour
 c - a +0 buckler (worn)
 g - a +0 scale mail (worn)
 r - a +0 helmet (worn)
Magical Staves
 o - a staff of conjuration
Jewellery
 l - a +6 ring of dexterity (left hand)
 m - a ring of flight
 t - a ring of fire
 w - a ring of protection from cold (right hand)
Wands
 x - a wand of roots (6)
Scrolls
 e - a scroll of immolation {unknown}
 f - 6 scrolls of identify
 j - a scroll of enchant weapon {unknown}
 p - 4 scrolls of teleportation
 q - a scroll of amnesia {unknown}
 s - 2 scrolls of magic mapping {unknown}
 v - 2 scrolls of blinking {unknown}
Potions
 d - 2 potions of might
 h - 4 potions of mutation
 i - a potion of flight {unknown}
 k - a potion of lignification {unknown}
 u - a potion of resistance {unknown}
 z - a potion of ambrosia {unknown}
 A - a potion of berserk rage {unknown}


   Skills:
 - Level 3.2 Fighting
 - Level 2.6 Polearms
 + Level 1.4 Ranged Weapons
 - Level 2.1 Armour
 + Level 4.2 Dodging
 + Level 3.8 Stealth
 - Level 3.0 Shields


You had 4 spell levels left.
You didn't know any spells.
Your spell library was empty.

Dungeon Overview and Level Annotations

Branches:
Dungeon (4/15)
 Temple: D:4-7

Altars:

Shops:
D:2 *


Innate Abilities, Weirdness & Mutations

((You are very nimble when in or above water. (Stealth+, EV+, Speed+++)))
Your lower body shifts to a powerful aquatic tail in water.


Message History

You block the hound's attack.
You miss the hound. You block the hound's attack.
The hound completely misses you.
You hit the hound but do no damage. You drain the hound.
The hound is moderately wounded.
The hound bites you but does no damage. You block the hound's attack.
You closely miss the hound.
The hound is moderately wounded.
The hound bites you but does no damage.
You hit the hound. You drain the hound.
The hound is severely wounded.
The hound barely misses you. The hound bites you but does no damage.
You hit the hound.
You kill the hound!
No target in view!
a - a +0 sling (weapon)
A - a puce potion You now have 75 gold pieces (gained 11).
An ogre comes into view. It is wielding a +0 giant club.
You shoot a sling bullet. The sling bullet hits the ogre.
The ogre shouts!
The ogre is lightly wounded.
You shoot a sling bullet. The sling bullet hits the ogre.
The ogre is moderately wounded.
You shoot a sling bullet. The sling bullet hits the ogre.
The ogre is heavily wounded.
You shoot a sling bullet. The sling bullet hits the ogre.
The ogre is heavily wounded.
The ogre barely misses you.
You sense an unholy aura.
b - a +4 whip of draining (weapon)
You hit the ogre.
The ogre is heavily wounded.
The ogre hits you with a +0 giant club!!
Ouch! That really hurt!
* * * LOW HITPOINT WARNING * * *
You closely miss the ogre.
The ogre is heavily wounded.
The ogre hits you with a +0 giant club!
You die...

#### #.. #.#
#################.######
...........)............
#....##.###.######
#.##.##...#.#
#@##.####.#..
#O##......#.#.
..######..#..##
..###......#.. .#/
#.####.#.# .... #......#
#. #. ######## # #.


You could see an ogre.

Vanquished Creatures
  A hound (D:4)
  2 orc wizards (D:3)
  2 adders (D:2)
  2 worms
  3 dart slugs
  5 orcs (D:3)
  2 bats
  6 endoplasms
  7 giant cockroaches
  2 hobgoblins
  7 jackals (D:1)
  3 quokkas
  2 ball pythons (D:1)
  4 frilled lizards
  6 goblins
  4 kobolds
  8 rats
66 creatures vanquished.

Vanquished Creatures (others)
  12 plants (D:3)
12 creatures vanquished.

Grand Total: 78 creatures vanquished

Notes
Turn   | Place    | Note
-------+----------+-------------------------------------------
     0 | D:1      | kingofthe the Merfolk Fighter began the quest for the Orb.
     0 | D:1      | Reached XP level 1. HP: 18/18 MP: 1/1
     1 | D:1      | Found a runed translucent door.
   172 | D:1      | Reached skill level 1 in Dodging
   174 | D:1      | Reached skill level 1 in Stealth
   176 | D:1      | Reached XP level 2. HP: 24/24 MP: 2/2
   529 | D:1      | Reached skill level 2 in Dodging
   538 | D:1      | Reached XP level 3. HP: 22/29 MP: 3/3
   730 | D:2      | Reached skill level 3 in Dodging
   730 | D:2      | Reached XP level 4. HP: 28/35 MP: 4/4
   955 | D:2      | Found Obatifex's General Store.
   975 | D:2      | Bought a scroll of teleportation for 36 gold pieces
  1609 | D:3      | Reached skill level 1 in Ranged Weapons
  1609 | D:3      | Reached XP level 5. HP: 41/41 MP: 5/5
  1694 | D:3      | Reached skill level 4 in Dodging
  2378 | D:4      | Noticed an ogre
  2386 | D:4      | Slain by an ogre

Illustrated notes

Levels and vault maps discovered:
D:1:      dpeg_arrival_caged_fury, layout_basic
D:2:      layout_rooms, serial_shops, nicolae_shop_hallway_stairs
D:3:      mumra_celtic_spiral_tile, layout_basic, serial_bayou,
          serial_bayou_pond_c, serial_bayou_shore_b, serial_bayou_shore_a,
          serial_bayou_pond_d
D:4:      minmay_clustersquares, layout_basic

Skill      XL: |  1  2  3  4  5 |
---------------+----------------+-----
Dodging        | 1 2 3 4 |  4.2
Stealth        | 1 2 3 |  3.8
Ranged Weapons | 1 |  1.4
Fighting       | |  3.2
Polearms       | |  2.6
Armour         | |  2.1
Shields        | |  3.0

Action                     |  1- 3 |  4- 6 || total
---------------------------+-------+-------++-------
  Melee: Whip              |    72 |    48 ||   120
   Fire: Sling             |       |    56 ||    56
    Use: Scroll            |       |     1 ||     1
         Potion            |       |     1 ||     1
 Armour: Scale mail        |    45 |    23 ||    68
  Dodge: Dodged            |    28 |    16 ||    44
  Block: Buckler           |    27 |    13 ||    40

Table legend: (Time is in decaauts)
 A = Elapsed time spent in this place.
 B = Non-inter-level travel time spent in this place.
 C = Inter-level travel time spent in this place.
 D = Time resting spent in this place.
 E = Time spent auto-exploring this place.
 F = Levels seen in this place.
 G = Mean time per level.
                   A        B        C        D        E       F      G
               +--------+--------+--------+--------+--------+-----+--------+
         Total |   2410 |   2292 |    118 |    191 |   1663 |   4 |  602.5 |
       Dungeon |   2410 |   2292 |    118 |    191 |   1663 |   4 |  602.5 |
               +--------+--------+--------+--------+--------+-----+--------+

Top non-repeatable levels by time:
     D:3: 1106 daAuts
     D:1: 600 daAuts
     D:2: 578 daAuts
     D:4: 125 daAuts
